[Event "Early-Titled-Tuesday-Blitz-May-07-2024"]
[Site "Chess.com"]
[Date "2024.05.07"]
[Round "3"]
[White "lcmil"]
[Black "chess123456s"]
[Result "0-1"]
[WhiteElo "2459"]
[BlackElo "2631"]
[TimeControl "180+1"]
[EndTime "8:32:02 PDT"]
[Termination "chess123456s won by resignation"]

1. e4 e5 2. Nf3 Nc6 3. Bc4 Nf6 4. Ng5 d5 5. exd5 Na5 6. Bb5+ c6 7. dxc6 bxc6 8. Qf3 cxb5 9. Qxa8 Qc7 10. O-O Nc6 11. d4 Bd6 12. Nc3 a6 13. a4 O-O 14. axb5 Bb7 15. Qxf8+ Bxf8 16. bxc6 Qxc6 17. Nf3 exd4 18.
Ne2 Qxc2 19. Nexd4 Qd3 20. Bg5 Nd5 21. Rfe1 h6 22. Bh4 Bc5 23. Rad1 Qg6 24. Bg3 Nf6 25. Nb3 Bxf3 26. Rd8+ Bf8 27. gxf3 Qc2 28. Nd4 Qd2 29. Re2 Qd1+ 30. Kg2 Nh5 31. Bd6 Kh7 32. Bxf8 Nf4+ 33. Kg3 Nxe2+ 34. Nxe2 Qxd8 35. Bc5 Qc7+ 0-1

[Event "Early-Titled-Tuesday-Blitz-May-07-2024"]
[Site "Chess.com"]
[Date "2024.05.07"]
[Round "3"]
[White "CristianS27"]
[Black "sterpfi"]
[Result "0-1"]
[WhiteElo "2554"]
[BlackElo "2307"]
[TimeControl "180+1"]
[EndTime "8:32:02 PDT"]
[Termination "sterpfi won on time"]

1. e4 e6 2. d4 d5 3. Nc3 Bb4 4. exd5 exd5 5. Qf3 Qe7+ 6. Be2 Nf6 7. Bg5 Nbd7 8. O-O-O O-O 9. Nxd5 Qd6 10. Nxb4 Qxb4 11.
Bd3 c5 12. dxc5 Ne5 13. Qg3 Nxd3+ 14. Rxd3 Ne4 15. Qe3 Nxg5 16. Qxg5 Qe1+ 17. Rd1 Qxf2 18. Nf3 h6 19. Qd2 Qxc5 20. Kb1 Bf5 21. Nd4 Bg6 22. Nb3 Qc7 23. Rc1 Rad8 24. Qf2 Rfe8 25. h4 Qc4 26. h5 Re2 27. Qg3 Bxc2+ 28. Ka1 Qa6 29. Rhe1 Bxb3 30. Qxb3 Rxe1 31. Rxe1 Qd3 32. Qa4 Qd2 33. Rb1 Qxg2 34. Qxa7 Qc6 0-1

[Event "Early-Titled-Tuesday-Blitz-May-07-2024"]
[Site "Chess.com"]
[Date "2024.05.07"]
[Round "3"]
[White "kekic76"]
[Black "GMT4114"]
[Result "1-0"]
[WhiteElo "2349"]
[BlackElo "1975"]
[TimeControl "180+1"]
[EndTime "8:32:03 PDT"]
[Termination "kekic76 won on time"]

1. c4 f5 2. Nc3 Nf6 3. Nf3 d6 4.
g3 e5 5. Bg2 Be7 6. O-O O-O 7. d3 Qe8 8. b4 a5 9. b5 Qh5 10. Bd2 Nbd7 11. Qb3 Nc5 12. Qd1 f4 13. e3 Bg4 14. exf4 exf4 15. Bxf4 Ne6 16. Re1 Bd8 17. Re3 c6 18. bxc6 Bb6 19. cxb7 Rad8 20. b8=Q Rxb8 21. Bxd6 Bxe3 22. fxe3 Rbd8 23. Bxf8 Rxf8 24. Qe2 Nd7 25.
Rf1 Ne5 26. h4 Nxf3+ 27. Kh1 Ne5 28. Rxf8+ Nxf8 29. Bd5+ Kh8 30. Qf2 1-0

[Event "Early-Titled-Tuesday-Blitz-May-07-2024"]
[Site "Chess.com"]
[Date "2024.05.07"]
[Round "3"]
[White "viktorskliarov"]
[Black "K_A_S_T_O_R"]
[Result "1/2-1/2"]
[WhiteElo "2640"]
[BlackElo "2880"]
[TimeControl "180+1"]
[EndTime "8:32:04 PDT"]
[Termination "Game drawn - insufficient material"]

1. e4 c5 2. Nf3 d6 3. d4 cxd4 4. Qxd4 Bd7 5. c4 Nc6 6. Qd2 g6 7. b3 Bh6 8. Qc3 Qa5 9. Qxa5 Nxa5 10. Bxh6 Nxh6 11. Nc3 Ng4 12. h3 Ne5 13. Be2 Nac6 14. O-O-O Rc8 15. Kb2 Nxf3 16. Bxf3 Ne5 17. Be2 Bc6 18.
f4 Nd7 19. Bg4 Rc7 20. Bxd7+ Rxd7 21. Nd5 Rd8 22. Rhe1 e6 23. Nc3 Ke7 24. b4 b6 25.
Re2 Rhe8 26. Red2 f5 27. Re1 Kf7 28. g3 h5 29. h4 fxe4 30. Nxe4 Bxe4 31. Rxe4 Rd7 32.
Kb3 Rc8 33. Red4 Ke7 34. Re2 Kf6 35. Red2 Rdc7 36. Rxd6 Rxc4 37. Re2 Rc3+ 38. Ka4 Rxg3 39. Rexe6+ Kf5 40. Rf6+ Kg4 41. Rd4 Kxh4 42. f5+ Rg4 43. Rxg4+ hxg4 44. Rxg6 Rf8 45. f6 Kh5 46. Rg7 Rxf6 47.
Rxa7 g3 48. Rh7+ Kg5 49. Rh1 Kg4 50. Kb5 g2 51. Rg1 Kg3 52. a4 Kf2 53. Rxg2+ Kxg2 54. a5 bxa5 55. bxa5 Rf1 56. a6 Rb1+ 57. Kc6 Kf3 58. a7 Ra1 59. Kb7 Rxa7+ 60. Kxa7 1/2-1/2

[Event "Early-Titled-Tuesday-Blitz-May-07-2024"]
[Site "Chess.com"]
[Date "2024.05.07"]
[Round "3"]
[White "zsizsi99"]
[Black "ilqar_74"]
[Result "1-0"]
[WhiteElo "2530"]
[BlackElo "2833"]
[TimeControl "180+1"]
[EndTime "8:32:04 PDT"]
[Termination "zsizsi99 won by resignation"]

1. e4 c5 2. Nf3 d6 3. Bb5+ Nd7 4. O-O a6 5. Bxd7+ Bxd7 6. d4 cxd4 7. Qxd4 Nf6 8. Bg5 e6 9. Nc3 Be7 10. Rad1 Qc7 11. e5 dxe5 12. Qxe5 Rc8 13. Rfe1 b5 14. Qd4 Bc6 15. Ne5 b4 16. Nxc6 Qxc6 17. Bxf6 gxf6 18.
Ne4 Rg8 19. g3 Rg6 20. c3 bxc3 21. Nxc3 Bc5 22. Qh4 h6 23. Re2 Be7 24. Qf4 f5 25. Qe3 Kf8 26. Red2 Bf6 27. Rd6 Qc5 28. Qxc5 Rxc5 29.
Rxa6 Bxc3 30. bxc3 Rxc3 31. a4 Ra3 32. Ra7 f4 33. Kg2 fxg3 34. hxg3 Ra2 35. Rd3 Rf6 36. Rf3 Rxf3 37. Kxf3 Kg7 38. a5 Kg6 39. Ra8 Kf5 40.
a6 Ra3+ 41. Kg2 e5 42. Rf8 f6 43. Rh8 Kg6 44. Rg8+ Kf7 45. Ra8 e4 46. a7 Ra1 47.
Rh8 Rxa7 48. Rh7+ 1-0

[Event "Early-Titled-Tuesday-Blitz-May-07-2024"]
[Site "Chess.com"]
[Date "2024.05.07"]
[Round "3"]
[White "Anton_Demchenko"]
[Black "Evan_Attaker"]
[Result "1-0"]
[WhiteElo "2926"]
[BlackElo "2629"]
[TimeControl "180+1"]
[EndTime "8:32:04 PDT"]
[Termination "Anton_Demchenko won by resignation"]

1. e4 d6 2. d4 g6 3. Nf3 Nf6 4. Nc3 Bg7 5. Be2 O-O 6. O-O c5 7. d5 Na6 8. Re1 Nc7 9. a4 a6 10. Bf4 Bd7 11. h3 b5 12. axb5 Nxb5 13. e5 Ne8 14. Ne4 Qb6 15. c3 Bf5 16. Ng3 Bd7 17.
Bf1 Nec7 18. Qd2 Rfd8 19. Bh6 Bh8 20. Rad1 e6 21. c4 Nd4 22. Nxd4 cxd4 23. exd6 Qxd6 24. Ne4 Qe5 25. Bf4 Qh5 26. Bxc7 Rdc8 27. d6 Ba4 28. Ra1 Bb3 29. Ra5 Qh4 30. c5 Bd5 31.
Bb6 Bxe4 32. g3 Qf6 33. Rxe4 Qf5 34. Re1 e5 35. Bg2 Rab8 36. Rxa6 Qe6 37. Ra7 Qb3 38.
d7 Rf8 39. d8=Q Rbxd8 40. Bxd8 Rxd8 41. c6 f5 42. Rb7 Rc8 43. Rxb3 1-0

[Event "Early-Titled-Tuesday-Blitz-May-07-2024"]
[Site "Chess.com"]
[Date "2024.05.07"]
[Round "3"]
[White "Niilo1"]
[Black "Silent-Killer100"]
[Result "0-1"]
[WhiteElo "2308"]
[BlackElo "2571"]
[TimeControl "180+1"]
[EndTime "8:32:04 PDT"]
[Termination "Silent-Killer100 won on time"]

1. e4 b6 2. d4 Bb7 3. Nc3 g6 4.
Nf3 Bg7 5. Bc4 e6 6. e5 d6 7.
Be3 Ne7 8. exd6 cxd6 9. O-O O-O 10. Qd2 Nf5 11. d5 e5 12. g4 Nxe3 13. fxe3 f5 14. gxf5 gxf5 15. Kh1 Kh8 16. Rg1 Bh6 17. Qf2 Nd7 18. Nh4 Qf6 19. Raf1 a6 20. Nxf5 b5 21. Bb3 Nc5 22. Qg2 Nxb3 23. axb3 b4 24. Ne2 Rg8 25. Neg3 e4 26. Qh3 Bg5 27. Nh5 Qh6 28. Qg4 Qg6 29. Qh3 Bxd5 30. Nf4 Qf7 31. Nxd5 Qxd5 32. Qg4 Bf6 33.
Qh3 Be5 0-1

[Event "Early-Titled-Tuesday-Blitz-May-07-2024"]
[Site "Chess.com"]
[Date "2024.05.07"]
[Round "3"]
[White "InitiatingASC"]
[Black "akanga001"]
[Result "1-0"]
[WhiteElo "2389"]
[BlackElo "2158"]
[TimeControl "180+1"]
[EndTime "8:32:04 PDT"]
[Termination "InitiatingASC won on time"]

1. d4 d5 2. c4 dxc4 3. e3 e5 4. Bxc4 exd4 5. Nc3 Be6 6. Bxe6 fxe6 7. exd4 Nc6 8. Nf3 Nf6 9. O-O Bd6 10. Re1 O-O 11.
Rxe6 Qd7 12. d5 Nb4 13. Re1 Nbxd5 14. Nxd5 Bxh2+ 15. Kxh2 Nxd5 16. Bg5 Qf7 17. Kg1 h6 18. Bh4 Nf4 19. Qb3 Nd5 20. Rad1 c6 21. Bg3 Rad8 22. Nd4 Kh8 23. Ne6 Rde8 24. Nxf8 Rxe1+ 25. Rxe1 Qxf8 26.
Qxb7 Qf6 27. Qxa7 Qxb2 28. Qa8+ Kh7 29. Qxc6 Nc3 30. a4 Qd2 31. Rf1 Ne2+ 32. Kh2 Qd3 33. Qf3 Qc4 34. a5 Nxg3 35. fxg3 Qa4 36. Qf5+ Kg8 37. Qf8+ Kh7 38. Qf5+ Kg8 39. Rf4 Qa1 40. Re4 1-0

[Event "Early-Titled-Tuesday-Blitz-May-07-2024"]
[Site "Chess.com"]
[Date "2024.05.07"]
[Round "3"]
[White "Hoshka"]
[Black "Lily_Schirmbeck"]
[Result "1-0"]
[WhiteElo "2054"]
[BlackElo "1625"]
[TimeControl "180+1"]
[EndTime "8:32:04 PDT"]
[Termination "Hoshka won on time"]

1. d4 d5 2. c4 e6 3. g3 Nf6 4.
Bg2 b6 5. cxd5 exd5 6. Nc3 Bb7 7. Nf3 Bd6 8. O-O O-O 9. Ne5 Nbd7 10. f4 Re8 11. Nb5 Bf8 12. Re1 c5 13. e3 a6 14. Nc3 Rc8 15. g4 Qc7 16. g5 Ne4 17. Nxe4 dxe4 18. Qg4 f6 19. Nxd7 Rcd8 20. Nxf8 Rxf8 21.
gxf6 Rxf6 22. dxc5 Qxc5 23. Rd1 Rxd1+ 24. Qxd1 Rd6 25.
Qe2 a5 26. Bd2 Ba6 27. Qe1 Qc2 28. Bc3 Qd3 29. Bf1 Qxf1+ 30. Qxf1 Bxf1 31. Kxf1 Rd3 32. Ke2 b5 33. Rd1 Rxd1 34. Kxd1 b4 35. Bd4 Kf7 36. b3 Ke6 37. Bxg7 Kf5 38. Ke2 1-0

[Event "Early-Titled-Tuesday-Blitz-May-07-2024"]
[Site "Chess.com"]
[Date "2024.05.07"]
[Round "3"]
[White "Daaksboy"]
[Black "Elegance_Riks"]
[Result "1-0"]
[WhiteElo "2508"]
[BlackElo "2751"]
[TimeControl "180+1"]
[EndTime "8:32:05 PDT"]
[Termination "Daaksboy won by resignation"]

1. d4 g6 2. c4 Nf6 3. Nc3 Bg7 4. e4 d6 5. Be2 O-O 6. h4 c5 7. d5 e6 8. h5 exd5 9. exd5 Re8 10. h6 Bh8 11.
Bg5 Qb6 12. b3 Bf5 13. Kf1 Ne4 14. Nxe4 Bxe4 15. Rc1 Qa5 16. Bf4 Na6 17. a4 Qd8 18. Nh3 Bf5 19. g4 Bc8 20. Kg2 Nb4 21. Qd2 Be5 22. Bxe5 Rxe5 23. f4 Re7 24. Bf3 Bd7 25.
Ng5 Qf8 26. Ne4 Rxe4 27. Bxe4 Bxg4 28. Rce1 a6 29. f5 Re8 30. fxg6 hxg6 31. h7+ Kh8 32.
Qc3+ Re5 33. Bxg6 Qg7 34. Rxe5 dxe5 35. Qg3 Bd7 36. Bxf7 Qxg3+ 37. Kxg3 Nc2 38. Be6 Be8 39. d6 Bc6 40. d7 1-0

[Event "Early-Titled-Tuesday-Blitz-May-07-2024"]
[Site "Chess.com"]
[Date "2024.05.07"]
[Round "3"]
[White "IlanSchnaider"]
[Black "viktorgen2021"]
[Result "1-0"]
[WhiteElo "2729"]
[BlackElo "2507"]
[TimeControl "180+1"]
[EndTime "8:32:05 PDT"]
[Termination "IlanSchnaider won by checkmate"]

1. d4 Nf6 2. Nf3 g6 3. c4 Bg7 4. Nc3 O-O 5. g3 d6 6. Bg2 Nc6 7. O-O a6 8. Bg5 h6 9. Bxf6 Bxf6 10. Qd2 Bg7 11. h3 Kh7 12. e4 e5 13. d5 Ne7 14. b4 f5 15. exf5 gxf5 16. Nh4 Ng6 17. Nxg6 Kxg6 18. c5 f4 19. cxd6 cxd6 20. g4 h5 21.
Be4+ Kh6 22. f3 Qh4 23. Qf2 Qxh3 24. Qh2 hxg4 25. fxg4 Bxg4 26. Qxh3+ Bxh3 27. Rf2 Bf5 28. Rh2+ Kg6 29. Kf2 Rac8 30. Rg1+ Kf6 31. Rh5 Kf7 32. Rxf5+ Kg8 33. Rfg5 Rf7 34. Bg6 Re7 35. Ne4 Rc2+ 36.
Kf3 Rxa2 37. Bf5 Ra3+ 38. Kf2 Kf8 39. Be6 Ra2+ 40. Kf3 Ra3+ 41. Kg4 Bh6 42. Rg8# 1-0

[Event "Early-Titled-Tuesday-Blitz-May-07-2024"]
[Site "Chess.com"]
[Date "2024.05.07"]
[Round "3"]
[White "N_I_Chess"]
[Black "santosalberto1987"]
[Result "0-1"]
[WhiteElo "2337"]
[BlackElo "2574"]
[TimeControl "180+1"]
[EndTime "8:32:05 PDT"]
[Termination "santosalberto1987 won by resignation"]

1. d4 Nf6 2. c4 d6 3. Nc3 e5 4. dxe5 dxe5 5. Qxd8+ Kxd8 6. Bg5 Be6 7. Nf3 Nd7 8. e3 Bb4 9. Rc1 Kc8 10. a3 Bxc3+ 11. Rxc3 Ne4 12. Rc1 a5 13. Bh4 f6 14. Nd2 Ndc5 15. Nxe4 Nxe4 16. f3 Nc5 17. Bf2 a4 18. Be2 Rd8 19. e4 Nb3 20. Rc3 Nd4 21. f4 exf4 22. c5 Ra5 23. h4 Nb3 24. O-O Rd2 25. Bf3 Rxb2 26. Rd1 Rd2 27. Rxd2 Nxd2 28. Be1 Nxf3+ 29.
gxf3 Rb5 30. Bd2 g5 31. hxg5 fxg5 32. Kf2 Rb2 33. Ke1 Ra2 34. Ke2 h5 35. Ke1 h4 36.
Rd3 h3 37. Kf2 Bb3 38. Kg1 Rxa3 39. Kh2 b5 40. cxb6 cxb6 41. Rc3+ Kb7 42. Kxh3 Be6+ 43. Kg2 Rxc3 44. Bxc3 Kc6 45. Kf2 Kc5 46. Bf6 g4 47.
fxg4 Bxg4 48. Be7+ Kc4 49. e5 b5 50. Bd6 b4 51. Ke1 a3 52. e6 Bxe6 53. Bxf4 b3 54. Be5 b2 55. Kd2 0-1

[Event "Early-Titled-Tuesday-Blitz-May-07-2024"]
[Site "Chess.com"]
[Date "2024.05.07"]
[Round "3"]
[White "NM_Antelacus"]
[Black "Happy1712Drummer"]
[Result "0-1"]
[WhiteElo "2287"]
[BlackElo "2507"]
[TimeControl "180+1"]
[EndTime "8:32:05 PDT"]
[Termination "Happy1712Drummer won on time"]

1. e4 c5 2. Nc3 Nc6 3. g3 g6 4. Bg2 Bg7 5. d3 Rb8 6. a4 a6 7.
f4 b5 8. axb5 axb5 9. Nf3 b4 10.
Ne2 d6 11. O-O e6 12. h3 Nge7 13. g4 O-O 14. Ng3 Nd4 15. Nxd4 Bxd4+ 16. Kh1 f5 17. g5 e5 18. h4 fxe4 19. Nxe4 exf4 20. Rxf4 Nf5 21. c3 Be5 22. Rf1 bxc3 23. bxc3 d5 24. Nxc5 Ng3+ 25. Kg1 Nxf1 26. Bxf1 Bxc3 27. Be3 Bxa1 28.
Qxa1 Bf5 29. Bd4 Qe7 30. Bg2 Rfd8 31. Qc1 Rbc8 32. Kh1 Bxd3 33. Qc3 Bf5 34. Qa5 Ra8 35. Qb6 Rab8 36. Qa5 Rb1+ 37. Kh2 Qd6+ 0-1

[Event "Early-Titled-Tuesday-Blitz-May-07-2024"]
[Site "Chess.com"]
[Date "2024.05.07"]
[Round "3"]
[White "profedechess93"]
[Black "Levanzovsky"]
[Result "0-1"]
[WhiteElo "2642"]
[BlackElo "2501"]
[TimeControl "180+1"]
[EndTime "8:32:06 PDT"]
[Termination "Levanzovsky won by resignation"]

1. e4 c5 2. Nf3 d6 3. Bb5+ Nd7 4. d4 cxd4 5. Qxd4 a6 6. Bxd7+ Bxd7 7. Bg5 h6 8. Bh4 Rc8 9. Nc3 e5 10. Qd3 g5 11. Bg3 Nf6 12. O-O-O b5 13. Rhe1 b4 14. Nd5 Nxd5 15. exd5 Bg7 16. h4 g4 17. Nd4 O-O 18. Nf5 Bxf5 19. Qxf5 Rc4 20. f3 Qc8 21. Qd3 f5 22. Kb1 e4 23. fxe4 f4 24. Bf2 Be5 25.
Qb3 a5 26. Qa4 Qc7 27. Qb3 a4 28. Qd3 Rc8 29. Re2 a3 30. b3 Rc3 31. Qd2 f3 32. gxf3 gxf3 33. Ree1 Rxc2 34. Rg1+ Kh7 35. Rc1 Rxd2 36.
Rxc7+ Rxc7 37. Bd4 Bxd4 0-1

[Event "Early-Titled-Tuesday-Blitz-May-07-2024"]
[Site "Chess.com"]
[Date "2024.05.07"]
[Round "3"]
[White "LileKoridze"]
[Black "FontVella8"]
[Result "1/2-1/2"]
[WhiteElo "2387"]
[BlackElo "2681"]
[TimeControl "180+1"]
[EndTime "8:32:07 PDT"]
[Termination "Game drawn by repetition"]

1. d4 d5 2. c4 e6 3. Nf3 Nf6 4. g3 Bb4+ 5. Bd2 Be7 6. Bg2 O-O 7. O-O c6 8. Nc3 Nbd7 9. Qc2 b6 10. b3 Ba6 11. Rfd1 Rc8 12. e4 dxc4 13. bxc4 Bxc4 14.
Bf4 b5 15. Nd2 Nb6 16. Nxc4 Nxc4 17. d5 cxd5 18. exd5 Qa5 19. Qb3 e5 20. Bg5 Nd6 21.
Bxf6 Rxc3 22. Bxe7 Rxb3 23. axb3 Qb6 24. Bxf8 Kxf8 25.
Rdc1 g6 26. Rc6 Qd4 27. Rac1 Nf5 28. Bf3 e4 29. Rd1 Qb4 30. Be2 Nd4 31. Rc8+ Kg7 32.
Bf1 Nf3+ 33. Kg2 Qxb3 34. Rcc1 Ne5 35. d6 Qf3+ 36. Kg1 e3 37. fxe3 Qxe3+ 38. Kh1 Nd7 39. Bxb5 Qe4+ 40. Kg1 Qe3+ 41. Kf1 Qf3+ 42. Kg1 Qe3+ 43.
Kg2 Qe4+ 44. Kg1 Qe3+ 1/2-1/2

[Event "Early-Titled-Tuesday-Blitz-May-07-2024"]
[Site "Chess.com"]
[Date "2024.05.07"]
[Round "3"]
[White "guillembaches"]
[Black "Smiechu"]
[Result "1/2-1/2"]
[WhiteElo "2577"]
[BlackElo "2390"]
[TimeControl "180+1"]
[EndTime "8:32:07 PDT"]
[Termination "Game drawn by repetition"]

1. d4 Nf6 2. Nf3 c5 3. d5 e6 4.
Nc3 b5 5. Nxb5 Nxd5 6. e4 a6 7.
Na3 Nf6 8. e5 Nd5 9. Nc4 Be7 10.
Bd3 Bb7 11. O-O Nb4 12. Be2 N8c6 13. b3 Nd5 14. Bd2 O-O 15. Re1 h6 16. a3 Nb6 17.
Na5 Nxa5 18. Bxa5 Rb8 19. Nd2 Bd5 20. Bxa6 Ra8 21. Qe2 c4 22. Bxb6 Qxb6 23. Bxc4 Bxa3 24. Bxd5 exd5 25. Nf3 Bb4 26. Rxa8 Rxa8 27. Rd1 Qc5 28. g3 Rc8 29. Kg2 Qxc2 30. Qxc2 Rxc2 31. Rxd5 Rb2 32. Rxd7 Rxb3 33. Rd1 Rb2 34. h4 h5 35. Rc1 Kf8 36. Rc4 Ke7 37. Re4 Bc5 38. Nd4 Kd7 39. Ne2 Ke6 40. f4 f6 41. exf6+ Kxf6 42. Kf3 Rb3+ 43.
Kg2 Rb2 44. Kf3 Rb3+ 45. Kg2 Rb2 1/2-1/2

[Event "Early-Titled-Tuesday-Blitz-May-07-2024"]
[Site "Chess.com"]
[Date "2024.05.07"]
[Round "3"]
[White "Shivananda1964"]
[Black "lefonghua"]
[Result "1-0"]
[WhiteElo "2394"]
[BlackElo "2569"]
[TimeControl "180+1"]
[EndTime "8:32:07 PDT"]
[Termination "Shivananda1964 won by resignation"]

1. Nf3 Nf6 2. d4 g6 3. g3 Bg7 4. Bg2 O-O 5. O-O d6 6. Nc3 c5 7.
d5 e6 8. e4 exd5 9. exd5 Bg4 10. Bf4 a6 11. a4 Qc7 12. h3 Bxf3 13. Qxf3 Nbd7 14. g4 Ne8 15. Rfe1 Ne5 16. Qg3 f5 17. g5 Rb8 18. Rad1 b5 19. axb5 axb5 20. b3 Qd7 21.
Ra1 b4 22. Ne2 Nf7 23. Rad1 Nc7 24. h4 Nb5 25. h5 Ra8 26. Be3 Ne5 27. Nf4 Ra2 28.
Rd2 Nc3 29. Ne6 Re8 30. Nxg7 Kxg7 31. h6+ Kf7 32. Bxc5 dxc5 33. Rxe5 Ra1+ 34. Kh2 Rxe5 35. Qxe5 Rd1 36. Qg7+ Ke8 37. Qg8+ Ke7 38. d6+ Qxd6+ 39. Rxd6 1-0

[Event "Early-Titled-Tuesday-Blitz-May-07-2024"]
[Site "Chess.com"]
[Date "2024.05.07"]
[Round "3"]
[White "Ural_bogatyr"]
[Black "Acva-Alenok"]
[Result "1-0"]
[WhiteElo "2574"]
[BlackElo "2340"]
[TimeControl "180+1"]
[EndTime "8:32:07 PDT"]
[Termination "Ural_bogatyr won on time"]

1. d4 Nf6 2. Nc3 d5 3. Bf4 c6 4. e3 Bf5 5. f3 h5 6. Bd3 e6 7.
e4 dxe4 8. fxe4 Bg4 9. Qd2 h4 10. h3 Bh5 11. Nge2 Bb4 12. Qe3 Bxe2 13. Bxe2 Nh5 14.
Bg5 Be7 15. Bxe7 Qxe7 16. O-O-O Ng3 17. Rhe1 Nd7 18. Bf3 Nb6 19. d5 Nc4 20. Qd4 Qb4 21. Ne2 e5 22. Qc3 Qxc3 23. Nxc3 O-O-O 24. b3 Nd6 25. dxc6 bxc6 26. a4 Kc7 27. Kb2 Nb7 28. b4 a5 29. Na2 axb4 30. Nxb4 Nc5 31. Ra1 Rb8 32. Kc3 Rb7 33. a5 Rhb8 34. Rab1 Rb5 35. a6 Kb6 36. Kc4 Ra8 37. Ra1 Nxa6 38. c3 1-0

[Event "Early-Titled-Tuesday-Blitz-May-07-2024"]
[Site "Chess.com"]
[Date "2024.05.07"]
[Round "3"]
[White "wild3000"]
[Black "Anu-triz"]
[Result "1-0"]
[WhiteElo "2520"]
[BlackElo "2304"]
[TimeControl "180+1"]
[EndTime "8:32:07 PDT"]
[Termination "wild3000 won by checkmate"]

1. d4 d5 2. Nf3 e6 3. e3 Nf6 4. Bd3 Bd6 5. O-O O-O 6. c3 c6 7. Nbd2 Nbd7 8. e4 dxe4 9. Nxe4 Nxe4 10. Bxe4 Nf6 11. Bc2 Bc7 12. Bg5 h6 13. Bh4 b6 14. Qd3 g6 15. Rad1 Bb7 16. Rfe1 Kg7 17. Ne5 c5 18. Nxg6 c4 19. Qxc4 fxg6 20. Rxe6 Bd5 21.
Qd3 Ne4 22. Bxd8 Bxe6 23. Bxc7 Bf5 24. Be5+ Kh7 25. Qe2 Ng5 26. h4 Bxc2 27. Qxc2 Nf7 28. h5 Rg8 29. hxg6+ Rxg6 30. Re1 Rg8 31. Qf5 Nxe5 32.
Rxe5 Kh8 33. g3 Rg5 34. Qf6+ Kh7 35. Re7+ R8g7 36. Rxg7+ Rxg7 37. d5 Rg6 38. Qf5 Kg7 39.
c4 Rf6 40. Qe5 Kg6 41. b4 Rf8 42. c5 bxc5 43. bxc5 Rf5 44. Qe4 Kf6 45. f4 h5 46.
Qe6+ Kg7 47. Qxf5 h4 48. gxh4 a5 49. a4 Kh6 50. Qg5+ Kh7 51. d6 Kh8 52. d7 Kh7 53. c6 Kh8 54. d8=Q+ Kh7 55. Qdg8# 1-0

[Event "Early-Titled-Tuesday-Blitz-May-07-2024"]
[Site "Chess.com"]
[Date "2024.05.07"]
[Round "3"]
[White "kidagent"]
[Black "edgarhay012"]
[Result "0-1"]
[WhiteElo "2371"]
[BlackElo "2672"]
[TimeControl "180+1"]
[EndTime "8:32:08 PDT"]
[Termination "edgarhay012 won by resignation"]

1. e4 c5 2. Nf3 e6 3. d4 cxd4 4. Nxd4 Nf6 5. Nc3 Nc6 6. Ndb5 Bb4 7. a3 Bxc3+ 8. Nxc3 d5 9. exd5 exd5 10. Bd3 O-O 11. O-O d4 12. Ne2 Re8 13. Bg5 h6 14. Bh4 g5 15. Bg3 Ne4 16. Bxe4 Rxe4 17. Re1 Bf5 18. Qd2 Qf6 19. f3 Re6 20. Bf2 Rd8 21. Rad1 d3 22.
cxd3 Rxd3 23. Qc1 Rxd1 24. Qxd1 Qxb2 25. a4 Qc2 26. Ng3 Qxd1 27. Rxd1 Bc2 28. Rd7 b6 29. a5 bxa5 30. Bxa7 Re7 31. Rxe7 Nxe7 32. Bc5 Nd5 33. Kf2 Kg7 34. Nf1 Nf4 35. Bd4+ Kg6 36.
g3 Nd3+ 37. Ke3 Nb4 38. Kd2 Bf5 39. Kc3 Be6 40. Nd2 Nc6 41. Bc5 f5 42. Bd6 Kf6 43. f4 Kg6 44. Nf3 Kh5 45. h3 g4 46. hxg4+ Kxg4 47. Nh4 Kxg3 48. Ng6 h5 49. Be7 Nxe7 0-1

[Event "Early-Titled-Tuesday-Blitz-May-07-2024"]
[Site "Chess.com"]
[Date "2024.05.07"]
[Round "3"]
[White "Zq1"]
[Black "FuenfgegenWilly"]
[Result "1-0"]
[WhiteElo "2624"]
[BlackElo "2456"]
[TimeControl "180+1"]
[EndTime "8:32:08 PDT"]
[Termination "Zq1 won by resignation"]

1. d4 d5 2. c4 e5 3. dxe5 Ne7 4. Nf3 Be6 5. e3 Nbc6 6. cxd5 Qxd5 7. Qxd5 Nxd5 8. a3 h6 9. Bb5 g5 10. O-O Bg7 11. Bxc6+ bxc6 12. Nd4 Bd7 13. f4 c5 14.
Nb3 c4 15. Nc5 Bb5 16. Rd1 O-O-O 17. a4 Bc6 18. Na3 Bf8 19. Ne4 gxf4 20. exf4 Nxf4 21.
Bxf4 Rxd1+ 22. Rxd1 Bxa3 23. Rd4 Bxb2 24. Rxc4 Bd5 25. Rb4 Ba3 26. Rd4 Be6 27. Rd3 Be7 28. Nf6 Bxf6 29. exf6 c5 30. Rd6 Kb7 31. a5 Rc8 32.
a6+ Ka8 33. Bxh6 c4 34. Rxe6 fxe6 35. f7 c3 36. f8=Q Rxf8 37. Bxf8 c2 38. Ba3 Kb8 39. Kf2 Kc7 40. Ke2 Kb6 41. Kd2 Kxa6 42. Kxc2 Kb5 43.
h4 Kc6 44. h5 Kd7 45. h6 1-0

[Event "Early-Titled-Tuesday-Blitz-May-07-2024"]
[Site "Chess.com"]
[Date "2024.05.07"]
[Round "3"]
[White "SaiHanThiha"]
[Black "kachsona"]
[Result "0-1"]
[WhiteElo "2454"]
[BlackElo "2624"]
[TimeControl "180+1"]
[EndTime "8:32:08 PDT"]
[Termination "kachsona won on time"]

1. d4 c5 2. d5 g6 3. e4 Bg7 4.
c4 d6 5. Nc3 Bxc3+ 6. bxc3 e5 7. h4 h6 8. f4 Qf6 9. Qf3 Nd7 10. f5 gxf5 11. exf5 Ne7 12. g4 e4 13. Qe3 Ne5 14.
Be2 Nd3+ 15. Bxd3 Qxc3+ 16. Qd2 Qxa1 17. Bxe4 h5 18. f6 Ng6 19. Bxg6 fxg6 20. Qe3+ Qe5 21. Qxe5+ dxe5 22. g5 Bg4 23. Bb2 Kf7 24. Ne2 b5 25. cxb5 Bf3 26. Rh3 Bxd5 27. Re3 Bxa2 28. Nc3 Bc4 29. Re4 Bd3 30. Ra4 Rhb8 31. Ra6 Bxb5 32. Nxb5 Rxb5 33. Bxe5 Re8 34. Rxa7+ Kf8 35. Re7 Rxe7 36.
fxe7+ Kxe7 0-1

[Event "Early-Titled-Tuesday-Blitz-May-07-2024"]
[Site "Chess.com"]
[Date "2024.05.07"]
[Round "3"]
[White "YouShallNotPass001"]
[Black "Puzzlebot_1294"]
[Result "0-1"]
[WhiteElo "2453"]
[BlackElo "2623"]
[TimeControl "180+1"]
[EndTime "8:32:08 PDT"]
[Termination "Puzzlebot_1294 won on time"]

1. e4 e5 2. Nf3 Nc6 3. Bb5 Nge7 4. Nc3 g6 5. d4 exd4 6. Nxd4 Bg7 7. Be3 a6 8. Bc4 O-O 9. Qd2 b5 10. Bb3 Na5 11. h4 c5 12. h5 cxd4 13. Bxd4 Nxb3 14. axb3 f6 15. O-O-O Bb7 16. hxg6 Nxg6 17. Rh5 Rf7 18. Rdh1 Nf8 19. f3 Rc8 20. Ne2 d5 21. exd5 Bxd5 22.
Kb1 Be6 23. Qd3 Rd7 24. Rxh7 Nxh7 25. Qxh7+ Kf8 26. Nf4 Bf7 27. Bc3 Qe7 28. Re1 Qc5 29. Ng6+ Bxg6 30. Qxg6 b4 31. Bxf6 Qc6 32. Bxg7+ Rxg7 33. Qf5+ Rf7 34. Qd3 Qf6 35. Re4 Rd8 36. Qe2 Qd6 37.
Ka2 Rf5 38. Kb1 Ra5 0-1

[Event "Early-Titled-Tuesday-Blitz-May-07-2024"]
[Site "Chess.com"]
[Date "2024.05.07"]
[Round "3"]
[White "FoggyMorning"]
[Black "Jojo_898"]
[Result "1-0"]
[WhiteElo "2612"]
[BlackElo "2436"]
[TimeControl "180+1"]
[EndTime "8:32:09 PDT"]
[Termination "FoggyMorning won by resignation"]

1. e4 d6 2. d4 Nf6 3. Nc3 g6 4. Be3 c6 5. Qd2 h5 6. f3 b5 7. a3 Bg7 8. O-O-O a5 9. e5 Nfd7 10. exd6 exd6 11. Ne4 Qc7 12. Bf4 O-O 13. Bxd6 Qb6 14.
Kb1 Re8 15. Ne2 b4 16. a4 b3 17. c3 Nf6 18. Nxf6+ Bxf6 19. Ng3 Na6 20. Ne4 Bf5 21.
Bd3 Bg7 22. Bc5 Nxc5 23. Nxc5 Bxd3+ 24. Qxd3 Bf8 25. Nd7 Qc7 26. Nf6+ Kg7 27. Nxe8+ Rxe8 28. Qc4 Rb8 29. g3 Qd7 30. Rhe1 Qf5+ 31. Qd3 Qf6 32. Qe4 Bd6 33. Qxc6 Qf5+ 34. Qe4 Qd7 35. d5 Bb4 36.
Qe5+ Kh7 37. Qxb8 Qxa4 38. cxb4 Qa2+ 39. Kc1 Qa1+ 40. Kd2 Qxb2+ 41. Ke3 a4 42. Qc7 Kg7 43.
Rd2 Qf6 44. Qc1 h4 45. Kf2 hxg3+ 46. hxg3 Qb6+ 47. Kf1 Qxb4 48. Qb2+ Kh7 49. Qd4 Qxd4 50. Rxd4 a3 51. Rb4 b2 52. Ra4 a2 53. Rxa2 b1=Q 54. Rxb1 1-0

[Event "Early-Titled-Tuesday-Blitz-May-07-2024"]
[Site "Chess.com"]
[Date "2024.05.07"]
[Round "3"]
[White "Zurability"]
[Black "Baku_Boulevard"]
[Result "0-1"]
[WhiteElo "2738"]
[BlackElo "3033"]
[TimeControl "180+1"]
[EndTime "8:32:10 PDT"]
[Termination "Baku_Boulevard won on time"]

1. e4 c5 2. Nf3 d6 3. h3 Nf6 4. Nc3 g6 5. Bc4 Nc6 6. d3 Bg7 7. a3 O-O 8. O-O a6 9. Be3 b5 10. Ba2 Bb7 11. Qd2 Rc8 12. Ne2 Ne5 13. Nh2 c4 14. f4 Ned7 15. f5 d5 16. exd5 Nxd5 17.
Bh6 cxd3 18. cxd3 Qb6+ 19. d4 N7f6 20. Bxg7 Kxg7 21. Ng4 Nxg4 22. hxg4 Nf6 23. g5 Ne4 24. Qf4 gxf5 25. Qe5+ Kg8 26. Rxf5 Qd6 27. Raf1 Qxe5 28.
dxe5 e6 29. R5f4 Rc2 30. Nd4 Rxb2 31. Bxe6 Nxg5 32. Rg4 h6 33. Bf5 Kh8 34. Bb1 Rd8 35.
Nf5 Rdd2 36. Ne3 Re2 37. Rg3 Rxe3 38. Rxe3 Rxg2+ 39. Kh1 Rg3+ 40. Be4 Nxe4 0-1